 Dungeon Crawl Stone Soup version 0.31-a0-1227-g0136665373 (webtiles) character file.

Game seed: 9312055512170996387

11213 bmb222 the Artisan of Death (level 11, -4/72 HPs)
             Began as a Mummy Necromancer on Dec 14, 2023.
             Was a Priest of Kikubaaqudgha.
             Slain by an orc warrior
             ... wielding a +0 trident
              (11 damage)
             ... on level 10 of the Dungeon.
             The game lasted 00:27:14 (13483 turns).

bmb222 the Artisan of Death (Mummy Necromancer)    Turns: 13483, Time: 00:27:14

Health: -4/72      AC: 11    Str: 10    XL:     11   Next: 46%
Magic:  3/25       EV: 12    Int: 18    God:    Kikubaaqudgha [***...]
Gold:   1256       SH:  0    Dex: 12    Spells: 0/31 levels left

rFire   + . .        w - staff of death
rCold   + + .        (no shield)
rNeg    + + +        v - +3 robe of Focus {rElec rF++ Str-3 Stlth+}
rPois   ∞            (no helmet)
rElec   +            u - +0 cloak {Stlth+}
rCorr   .            c - +0 pair of gloves
SInv    .            (no boots)
Will    +....        (no amulet)
Stlth   ++++         s - +4 ring of protection
HPRegen 0.32/turn    t - ring of protection from cold
MPRegen 0.19/turn

%: faith
@: slowed, very slow
A: cold resistance 1, negative energy resistance 3, torment resistance 2, heat
vulnerability 1, in touch with death 1, no potions, faith
a: Renounce Religion, Unearth Wretches


You were on level 10 of the Dungeon.
You worshipped Kikubaaqudgha.
Kikubaaqudgha was most pleased with you.
You visited 3 branches of the dungeon, and saw 12 of its levels.

You collected 1401 gold pieces.
You spent 145 gold pieces at shops.

Inventory:

Hand Weapons
 k - a +4 quarterstaff of chaos
 n - a +2 whip of freezing
 r - a +0 scythe
 z - a +5 whip
Armour
 a - a +0 robe
 c - a +0 pair of gloves (worn)
 q - the +0 robe "Uhuextac" {Dex+2}
   (You found it on level 4 of the Dungeon)

   Dex+2:     It affects your dexterity (+2).
 u - a +0 cloak of stealth (worn)
 v - the +3 robe of Focus (worn) {rElec rF++ Str-3 Stlth+}
   (You found it on level 6 of the Dungeon)

   Str-3:     It affects your strength (-3).
   rF++:      It greatly protects you from fire.
   rElec:     It insulates you from electricity.
   Stlth+:    It makes you more stealthy.
Magical Staves
 w - a staff of death (weapon)
Jewellery
 p - a ring of flight
 s - a +4 ring of protection (left hand)
 t - a ring of protection from cold (right hand)
 x - a ring of wizardry
 B - the ring of the Messenger {Will+ Slay+2}
   (You bought it in a shop on level 9 of the Dungeon)

   [ring of willpower]

   Slay+2:    It affects your accuracy & damage with ranged weapons and melee
   (+2).
   Will+:     It increases your willpower.
 D - a +4 ring of protection
 F - a ring of fire
Wands
 j - a wand of light (28)
 l - a wand of roots (11)
 y - a wand of flame (35)
 E - a wand of digging (7)
Scrolls
 b - a scroll of enchant weapon
 d - a scroll of torment
 e - 2 scrolls of fog
 f - a scroll of enchant armour
 g - a scroll of noise
 i - a scroll of vulnerability
 m - 6 scrolls of amnesia
 o - 7 scrolls of identify
 A - a scroll of immolation {unknown}


   Skills:
 + Level 2.2 Fighting
 * Level 4.2 Staves
 - Level 3.2 Dodging
 - Level 2.4 Stealth
 + Level 0.1 Unarmed Combat
 * Level 10.9 Spellcasting
 * Level 2.4 Conjurations
 * Level 13.7 Necromancy
 * Level 1.3 Air Magic
 * Level 2.0 Poison Magic
 * Level 2.3 Evocations


You couldn't memorise any spells.
You knew the following spells:

 Your Spells              Type           Power      Damage    Failure   Level
a - Necrotise             Necr           100%       1d9       1%          1
b - Vampiric Draining     Necr           93%        2d12      1%          3
c - Animate Dead          Necr           93%        N/A       1%          4
d - Mephitic Cloud        Conj/Pois/Air  16%        N/A       10%         3
e - Agony                 Necr           93%        N/A       1%          5
f - Dispel Undead         Necr           93%        3d29      1%          4
g - Death Channel         Necr           46%        N/A       4%          6
h - Borgnjor's Vile Clut  Necr/Erth      33%        N/A       12%         5

Your spell library contained the following spells:

 Spells                   Type           Power      Damage    Failure   Level
 Kiss of Death            Conj/Necr      100%       2d13      1%          1
 Cigotuvi's Dreadful Rot  Necr/Pois/Air  100%       N/A       1%          2
 Magic Dart               Conj           72%        1d6       2%          1
 Searing Ray              Conj           36%        2d5       4%          2
 Anguish                  Hex/Necr       33%        N/A       4%          4
 Poisonous Vapours        Pois/Air       30%        N/A       5%          2
 Hailstorm                Conj/Ice       14%        3d6       13%         3
 Stone Arrow              Conj/Erth      28%        3d8       13%         3
 Brom's Barrelling Bould  Conj/Erth      14%        2d4       41%         4
 Fulminant Prism          Conj/Hex       7%         3d7       41%         4
 Simulacrum               Ice/Necr       33%        N/A       56%         6
 Petrify                  Tmut/Erth      9%         N/A       58%         4
 Summon Ice Beast         Ice/Summ       9%         N/A       58%         4
 Iskenderun's Battlesphe  Conj           18%        2d7       58%         5
 Fireball                 Conj/Fire      7%         3d5       77%         5
 Freezing Cloud           Conj/Ice/Air   7%         6-21      77%         5
 Irradiate                Conj/Tmut      7%         3d14      77%         5
 Metabolic Englaciation   Hex/Ice        4%         N/A       90%         5
 Conjure Ball Lightning   Conj/Air       8%         3x3d6     99%         6
 Orb of Destruction       Conj           9%         9d6       100%        7
 Ozocubu's Refrigeration  Ice            4%         4d8       100%        7
 Sublimation of Blood     Necr           Unusable   N/A       N/A         2

Dungeon Overview and Level Annotations

Branches:
Dungeon (10/15)            Temple (1/1) D:7            Lair (1/5) D:9
    Orc: D:9-12

Altars:
Ashenzari
Cheibriados
Fedhas
Gozag
Kikubaaqudgha
Makhleb
Nemelex Xobeh
Okawaru
Qazlal
Ru
Sif Muna
Trog
Uskayaw
Vehumet
Wu Jian
Xom
Yredelemnul

Shops:
D:9 *

Annotations:
D:5 2 runed translucent doors, pigah's ghost, novice OpSh
D:9 exclusion: orange crystal statue
D:10 Josephine
Lair:1 2 transporters, Iich's ghost, journeyman DsFi


Innate Abilities, Weirdness & Mutations

You are immune to poison.
Your flesh is cold resistant. (rC+)
You are immune to negative energy. (rN+++)
You are immune to unholy pain and torment.
You are vulnerable to heat. (rF-)
You are in touch with the powers of death.
You do not drink.
You have a special connection with the divine. (Faith)


Message History

The orc warrior hits you with a +0 trident!
As you read the scroll of torment, it crumbles to dust.
You feel a surge of unholy energy.
The warg convulses!
The orc warrior convulses!
The warg convulses! x2
The warg bites you but does no damage. The warg closely misses you.
The warg pauses to sniff the ground.
The warg barely misses you. The warg bites you but does no damage.
The warg barely misses you. The warg completely misses you.
The orc warrior barely misses you.
Unknown command.
Casting: Dispel Undead (safe; 1% risk of failure)
Confirm with . or Enter, or press ? or * to list all spells.
You don't have enough magic to cast this spell.
You barely miss the warg.
The warg is severely wounded.
The warg misses you. The warg bites you but does no damage.
The warg misses you. The orc warrior closely misses you.
The warg barely misses you. The warg bites you!
The warg bites you but does no damage.
The orc warrior hits you with a +0 trident.
The air fills with toxic fumes!
As you read the scroll of poison, it crumbles to dust.
The warg bites you!
* * * LOW HITPOINT WARNING * * *
The warg closely misses you. The warg bites you but does no damage.
The warg barely misses you. The warg bites you but does no damage.
The orc warrior hits you but does no damage.
The warg barely misses you.
You closely miss the warg.
The warg is severely wounded.
Your unholy channel expires.
The warg bites you.
* * * LOW HITPOINT WARNING * * *
The warg barely misses you. The warg bites you.
* * * LOW HITPOINT WARNING * * *
The orc warrior closely misses you. The warg bites you but does no damage.
The warg completely misses you. The warg closely misses you.
The orc warrior hits you with a +0 trident!
You die...
Kikubaaqudgha rasps: "You have failed me!
Welcome... oblivion!"

......##
.....##
....##
...## ...#
...# #+
#..# ##§##
#..# #§ho#
#..# #§h@#
'..# #.#
##h## #..#
#..# #+
#### ....+
...## ...#
....##...#
.....#...##
..........#
....<.....#


You could see 3 wargs and an orc warrior.

Vanquished Creatures
  Pikel (D:7)
  Maurice (D:9)
  A komodo dragon (Lair:1)
  3 cane toads (Lair:1)
  Prince Ribbit (D:9)
  Sigmund (D:5)
  A wyvern (D:8)
  4 wraiths
  19 yaks
  A basilisk (D:9)
  A steam dragon (D:7)
  A water moccasin (Lair:1)
  An ice beast (D:8)
  5 orc warriors
  4 black bears
  A sky beast (D:6)
  An ogre (D:4)
  3 wolves (Lair:1)
  2 centaurs
  Blork the orc (D:5)
  7 bullfrogs
  2 kobold brigands
  3 scorpions
  A gnoll sergeant (D:6)
  3 killer bees
  A howler monkey (D:10)
  A lava snake (D:9)
  2 hounds
  5 orc priests
  2 jellies
  Crazy Yiuf (D:5)
  2 scorpion zombies (D:3)
  Ijyb (D:4)
  An iguana (D:6)
  8 orc wizards
  4 adders
  5 gnolls
  3 shadow imps
  A white imp (D:6)
  An adder zombie (D:3)
  A worm (D:2)
  A dart slug (D:3)
  26 orcs
  7 endoplasms
  3 giant cockroaches
  6 goblins
  8 hobgoblins
  A jackal (D:4)
  11 kobolds
  2 quokkas (D:5)
  4 ball pythons
  5 bats
  2 frilled lizards
  A giant cockroach zombie (D:3)
  4 rats
189 creatures vanquished.

Vanquished Creatures (collateral kills)
  A wyvern (Lair:1)
  7 yaks
  2 basilisks (Lair:1)
  A centaur (D:9)
  A bullfrog (Lair:1)
  A killer bee (D:9)
  2 lava snakes (D:9)
  An iguana (D:7)
  A gnoll (D:6)
  An adder (D:2)
  5 orcs
  A goblin (D:4)
  A hobgoblin (D:1)
  2 jackals (D:4)
  2 kobolds (D:10)
  A ball python (D:4)
  A bat (D:1)
31 creatures vanquished.

Vanquished Creatures (others)
  A wyvern zombie (Lair:1)
  8 yak zombies
  A centaur zombie (D:9)
  An orc wizard (D:7)
  A killer bee zombie (D:9)
  A jelly zombie (D:8)
  12 orc zombies
25 creatures vanquished.

Grand Total: 245 creatures vanquished

Notes
Turn   | Place    | Note
-------+----------+-------------------------------------------
     0 | D:1      | bmb222 the Mummy Necromancer began the quest for the Orb.
     0 | D:1      | Reached XP level 1. HP: 13/13 MP: 4/4
   207 | D:1      | Reached XP level 2. HP: 19/19 MP: 0/5
   338 | D:1      | You fall into a shaft and drop 1 floor!
  1006 | D:2      | Found a faded altar of an unknown god.
  1025 | D:2      | Reached XP level 3. HP: 24/24 MP: 1/7
  1644 | D:3      | Found a basalt altar of Yredelemnul.
  1969 | D:3      | Reached XP level 4. HP: 28/30 MP: 2/9
  2868 | D:4      | Noticed Ijyb
  2874 | D:4      | Killed Ijyb
  2875 | D:4      | Reached skill level 5 in Necromancy
  3000 | D:4      | Reached XP level 5. HP: 35/35 MP: 6/11
  3020 | D:4      | Identified the +1 robe of Muss {rElec rF- Str+3}
  3282 | D:4      | Noticed an ogre
  3292 | D:4      | Killed an ogre
  3293 | D:4      | Reached skill level 5 in Spellcasting
  3293 | D:4      | Reached skill level 6 in Necromancy
  3293 | D:4      | Reached XP level 6. HP: 41/41 MP: 3/13
  3298 | D:4      | Learned a level 3 spell: Vampiric Draining
  3486 | D:4      | Identified the +0 robe "Uhuextac" {Dex+2}
  3664 | D:5      | Entered Level 5 of the Dungeon
  3664 | D:5      | Noticed Sigmund
  3674 | D:5      | Killed Sigmund
  3675 | D:5      | Reached XP level 7. HP: 29/46 MP: 7/16
  3870 | D:5      | Found a large runed translucent door.
  3872 | D:5      | Found a large runed translucent door.
  3877 | D:5      | Noticed pigah's ghost (novice OpSh)
  3941 | D:5      | Found a stormy altar of Qazlal.
  3945 | D:5      | Found a burning altar of Makhleb.
  4304 | D:5      | Noticed Blork the orc
  4644 | D:5      | Killed Blork the orc
  4645 | D:5      | Reached skill level 7 in Necromancy
  4735 | D:5      | Found a runed translucent door.
  4736 | D:5      | Noticed Crazy Yiuf
  4841 | D:5      | Killed Crazy Yiuf
  4852 | D:5      | Identified the +8 hammer "Vamyetyh" {holy, Dex+2}
  5090 | D:6      | Identified the +3 robe of Focus {rElec rF++ Str-3 Stlth+}
  5304 | D:6      | Found a broken altar of Ashenzari.
  5323 | D:6      | Found a snail-covered altar of Cheibriados.
  5550 | D:6      | Reached XP level 8. HP: 53/53 MP: 7/19
  5566 | D:6      | Reached skill level 1 in Staves
  5803 | D:7      | Noticed Pikel
  5937 | D:7      | Found an iron altar of Okawaru.
  5943 | D:6      | Reached skill level 8 in Necromancy
  6168 | D:7      | Identified 2 scrolls of acquirement
  6181 | D:7      | Acquired Hissid's Omnibus of Blasting and Glaciation
  6183 | D:7      | Acquired 842 gold pieces
  6265 | D:7      | Found an opulent altar of Gozag.
  6313 | D:7      | Learned a level 4 spell: Animate Dead
  6459 | D:7      | Killed Pikel
  6460 | D:7      | Reached skill level 1 in Fighting
  6460 | D:7      | Reached skill level 9 in Necromancy
  6596 | D:7      | Reached XP level 9. HP: 14/59 MP: 2/20
  6933 | D:7      | Found a staircase to the Ecumenical Temple.
  7134 | D:7      | Found a sacrificial altar of Ru.
  7326 | Temple   | Entered the Ecumenical Temple
  7350 | Temple   | Became a worshipper of Kikubaaqudgha
  7729 | D:8      | Reached skill level 10 in Necromancy
  7956 | D:8      | Found a bloodstained altar of Trog.
  8504 | D:8      | Reached skill level 11 in Necromancy
  8703 | D:8      | Reached * piety under Kikubaaqudgha
  8703 | D:8      | Received a gift from Kikubaaqudgha
  8721 | D:8      | Reached skill level 12 in Necromancy
  8883 | D:8      | Reached XP level 10. HP: 67/67 MP: 17/21
  9194 | D:8      | Learned a level 3 spell: Mephitic Cloud
  9433 | D:9      | Noticed a +0 spear
  9434 | D:9      | Noticed a +0 falchion
  9435 | D:9      | Noticed a +0 short sword
  9435 | D:9      | Noticed a +0 spear
  9435 | D:9      | Noticed a +0 dagger
  9435 | D:9      | Noticed a +0 falchion
  9436 | D:9      | Noticed a +0 short sword
  9436 | D:9      | Noticed a +0 dagger
  9604 | D:9      | Found a hide-covered altar of Uskayaw.
  9652 | D:9      | Found a sparkling altar of Nemelex Xobeh.
  9691 | D:9      | Found Noof's Assorted Antiques.
  9696 | D:9      | Bought a brightly glowing carnelian ring for 145 gold
                  | pieces
  9696 | D:9      | Identified the ring of the Messenger {Will+ Slay+2} (You
                  | bought it in a shop on level 9 of the Dungeon)
  9729 | D:9      | Noticed Maurice
  9737 | D:9      | Killed Maurice
  9738 | D:9      | Reached skill level 1 in Evocations
  9979 | D:9      | Noticed Prince Ribbit
 10248 | D:9      | Found a staircase to the Lair.
 10252 | D:9      | Reached ** piety under Kikubaaqudgha
 10266 | D:9      | Noticed an orange crystal statue
 10660 | D:9      | Killed Prince Ribbit
 10661 | D:9      | Reached skill level 1 in Conjurations
 10752 | D:9      | Learned a level 5 spell: Agony
 10793 | D:10     | Entered Level 10 of the Dungeon
 10866 | Lair:1   | Entered Level 1 of the Lair of Beasts
 11033 | Lair:1   | Reached skill level 13 in Necromancy
 11457 | Lair:1   | Reached skill level 1 in Poison Magic
 11594 | Lair:1   | Noticed a black mamba
 11697 | Lair:1   | Noticed a cane toad
 11704 | Lair:1   | Killed a cane toad
 11705 | Lair:1   | Reached XP level 11. HP: 7/72 MP: 7/24
 11975 | Lair:1   | Reached skill level 10 in Spellcasting
 12140 | Lair:1   | Noticed a death yak
 12141 | Lair:1   | Found a transporter.
 12192 | Lair:1   | Noticed Iich's ghost (journeyman DsFi)
 12208 | Lair:1   | Noticed a six-headed hydra
 12213 | Lair:1   | Noticed a catoblepas
 12227 | Lair:1   | Reached *** piety under Kikubaaqudgha
 12227 | Lair:1   | Received a gift from Kikubaaqudgha
 12228 | Lair:1   | Reached skill level 1 in Air Magic
 12233 | Lair:1   | Learned a level 4 spell: Dispel Undead
 12376 | Lair:1   | Found a transporter.
 13384 | D:10     | Learned a level 6 spell: Death Channel
 13390 | D:10     | Learned a level 5 spell: Borgnjor's Vile Clutch
 13464 | D:10     | Noticed Josephine
 13483 | D:10     | Slain by an orc warrior

Illustrated notes

Levels and vault maps discovered:
D:1:      evilmike_arrival_plus, layout_loops_ring, nicolae_the_louvre
D:2:      layout_loops_cross, basic_ecumenical_altar
D:3:      layout_loops_corners, nicolae_yredelemnul_corpse_copse,
          skrybe_limestone_x
D:4:      layout_basic, uniq_ijyb
D:5:      layout_basic, grunt_temple_overflow_diamond, serial_glass,
          glass_columns_a, glass_columns_b, glass_columns_c, glass_columns_c,
          glass_columns_a, glass_columns_b, glass_columns_a, glass_columns_c,
          ebering_ghost_disaster_area, st_stairs_9, minmay_misc_feat_tiny,
          uniq_sigmund, uniq_blork_the_orc, uniq_crazy_yiuf_cottage
D:6:      layout_loops_ring, ashenzari_conservatory_becter, cheibriados_altar_1
D:7:      layout_loops_cross, mainiacjoe_overflow_six_doors_small,
          okawaru_trees_1, nicolae_ru_the_path_less_chosen,
          minmay_temple_entry_poolview, kennysheep_crisscross, uniq_pikel
D:8:      layout_loops_cross, trog_ov_bears_minmay
D:9:      layout_irregular_city, nicolae_uskayaw_en_pointe,
          nemelex_spade_bored_becter, david_lair_generic, serial_shops,
          nicolae_shop_trees, minmay_crystal_room, disabler_island,
          uniq_prince_ribbit1, uniq_maurice
D:10:     layout_gridville, nicolae_dithmenos_shadow_blocks,
          nzn_hepliaklqana_mist_gate, david_orc_1_choice, uniq_josephine
Temple:   nicolae_temple_two_arcs
Lair:1:   layout_long_grid, gammafunk_ghost_arena

Skill      XL: |  1  2  3  4  5  6  7  8  9 10 11 |
---------------+----------------------------------+-----
Spellcasting   | 3 4 5 6 7 9 10 | 10.9
Stealth        | 2 |  2.4
Necromancy     | 5 6 7 9 12 13 | 13.7
Dodging        | 2 3 |  3.2
Staves         | 2 3 4 |  4.2
Fighting       | 1 2 |  2.2
Evocations     | 1 2 |  2.3
Conjurations   | 1 2 |  2.4
Poison Magic   | 1 2 |  2.0
Air Magic      | 1 |  1.3
Unarmed Combat | |  0.1

Action                     |  1- 3 |  4- 6 |  7- 9 | 10-12 || total
---------------------------+-------+-------+-------+-------++-------
  Melee: Unarmed           |    19 |     1 |       |       ||    20
         Quarterstaff      |       |       |    15 |       ||    15
         Halberd           |       |       |    12 |       ||    12
         Staff             |       |       |    81 |    70 ||   151
         Punch             |       |       |     2 |     2 ||     4
   Cast: Necrotise         |    48 |    86 |   131 |   106 ||   371
         Vampiric Draining |       |       |    55 |    61 ||   116
         Animate Dead      |       |       |     6 |     8 ||    14
         Dispel Undead     |       |       |       |     8 ||     8
         Agony             |       |       |       |     2 ||     2
         Death Channel     |       |       |       |     1 ||     1
    Use: Scroll            |       |     7 |     7 |     4 ||    18
   Stab: Sleeping          |       |       |     2 |     1 ||     3
 Armour: Robe              |    22 |    14 |   200 |   168 ||   404
  Dodge: Dodged            |    29 |    21 |   133 |   126 ||   309

Table legend: (Time is in decaauts)
 A = Elapsed time spent in this place.
 B = Non-inter-level travel time spent in this place.
 C = Inter-level travel time spent in this place.
 D = Time resting spent in this place.
 E = Time spent auto-exploring this place.
 F = Levels seen in this place.
 G = Mean time per level.
                   A        B        C        D        E       F      G
               +--------+--------+--------+--------+--------+-----+--------+
         Total |  13531 |  12456 |   1075 |   2950 |   7058 |  12 | 1127.6 |
       Dungeon |  11570 |  10524 |   1046 |   2073 |   6658 |  10 | 1157.0 |
        Temple |     32 |     10 |     22 |      0 |      0 |   1 |   32.0 |
          Lair |   1927 |   1921 |      6 |    877 |    400 |   1 | 1927.0 |
               +--------+--------+--------+--------+--------+-----+--------+

Top non-repeatable levels by time:
  Lair:1: 1927 daAuts
     D:7: 1873 daAuts
     D:3: 1523 daAuts
     D:8: 1491 daAuts
     D:9: 1371 daAuts
     D:5: 1361 daAuts
     D:6: 1226 daAuts
     D:4: 899 daAuts
     D:2: 842 daAuts
     D:1: 836 daAuts
    D:10: 144 daAuts
  Temple: 32 daAuts
